 Dungeon Crawl Stone Soup version 0.30-a0-881-g1ff12e1e11 (webtiles) character file.

Game seed: 2670653800908838272

37895 cforsyth the Fighter (level 13, -2/146 HPs)
             Began as an Ogre Fire Elementalist on Mar 15, 2023.
             Was a High Priest of Vehumet.
             Killed from afar by a lindwurm (17 damage)
             ... with a blast of flame
             ... on level 5 of the Lair of Beasts.
             The game lasted 00:44:24 (25187 turns).

cforsyth the Fighter (Ogre Fire Elementalist)      Turns: 25187, Time: 00:44:25

Health: -2/146     AC:  8    Str: 17    XL:     13   Next: 99%
Magic:  19/29      EV: 11    Int: 24    God:    Vehumet [*****.]
Gold:   1389       SH:  0    Dex:  9    Spells: 20/36 levels left

rFire   . . .      SeeInvis .    r - +2 broad axe (flame)
rCold   . . .      Faith    .    (no shield)
rNeg    . . .      Spirit   .    J - +0 troll leather armour
rPois   .          Reflect  .    o - +2 hat
rElec   .          Rampage  .    j - +0 cloak
rCorr   .                        (gloves unavailable)
Will    ++...                    (boots unavailable)
Stlth   +                        C - amulet of regeneration
HPRegen 2.04/turn                k - +6 ring of intelligence
MPRegen 0.21/turn                x - ring of willpower

@: lethally poisoned (-2 -> -3), slowed, very slow
A: large, unfitting armour, tough skin 1
a: Renounce Religion


You were on level 5 of the Lair of Beasts.
You worshipped Vehumet.
Vehumet was extremely pleased with you.
You visited 3 branches of the dungeon, and saw 18 of its levels.
You also visited: Volcano.

You collected 1389 gold pieces.

Inventory:

Hand Weapons
 r - a +2 broad axe of flaming (weapon)
 R - a +0 demon trident of flaming
Armour
 j - a +0 cloak (worn)
 o - a +2 hat (worn)
 D - +1 steam dragon scales
 J - a +0 troll leather armour (worn)
Jewellery
 k - a +6 ring of intelligence (left hand)
 m - a ring of see invisible
 n - a +5 ring of evasion
 x - a ring of willpower (right hand)
 C - an amulet of regeneration (around neck)
 F - a ring of willpower
 I - a ring of flight
 N - the ring of Wainwouvo {rN+ Str+6}
   (You found it on level 1 of the Lair of Beasts)

   [ring of strength]

   Str:       It affects your strength (+6).
   rN:        It protects you from negative energy.
 P - a +6 ring of dexterity
 U - an amulet of magic regeneration
Wands
 y - a wand of iceblast (3)
 A - a wand of acid (2)
 M - a wand of digging (17)
 Q - a wand of polymorph (2)
Scrolls
 a - 2 scrolls of fear
 c - a scroll of poison
 e - a scroll of torment
 g - 2 scrolls of enchant armour
 h - 3 scrolls of enchant weapon
 l - a scroll of amnesia
 p - 2 scrolls of butterflies
 q - 2 scrolls of fog
 u - 3 scrolls of magic mapping
 E - 4 scrolls of teleportation
 H - 2 scrolls of vulnerability
 K - a scroll of immolation
 O - 2 scrolls of blinking
 T - 3 scrolls of identify
Potions
 b - 2 potions of lignification
 d - 8 potions of curing
 f - 2 potions of ambrosia
 i - 3 potions of invisibility
 s - 5 potions of flight
 t - 4 potions of haste
 v - 4 potions of heal wounds
 w - 3 potions of might
 z - 2 potions of mutation
 B - a potion of attraction
 G - 3 potions of resistance
 L - a potion of brilliance {unknown}
 S - a potion of magic


   Skills:
 * Level 14.2 Fighting
 + Level 7.6 Dodging
 - Level 1.9 Stealth
 - Level 12.0 Spellcasting
 - Level 11.0 Conjurations
 - Level 11.0 Fire Magic


You had 20 spell levels left.
You knew the following spells:

 Your Spells              Type           Power      Damage    Failure   Level
a - Foxfire               Conj/Fire      100%       2x1d9     1%          1
b - Scorch                Fire           100%       2d10      1%          2
c - Flame Wave            Conj/Fire      61%        2d14      1%          4
d - Fireball              Conj/Fire      30%        3d13      1%          5
e - Iskenderun's Mystic   Conj/Tloc      40%        2d9       1%          4

Your spell library contained the following spells:

 Spells                   Type           Power      Damage    Failure   Level
 Orb of Destruction       Conj           30%        9d10      13%         7
 Magic Dart               Conj           100%       1d8       1%          1
 Momentum Strike          Conj/Tloc      80%        3d10      1%          2
 Searing Ray              Conj           100%       2d8       1%          2
 Inner Flame              Hex/Fire       40%        N/A       1%          3
 Kindle Blastsparks       Fire/Tloc/Air  62%        2d15      1%          3
 Fulminant Prism          Conj/Hex       20%        3d12      1%          4
 Lightning Bolt           Conj/Air       20%        1d35      4%          5
 Apportation              Tloc           28%        N/A       5%          1
 Necrotise                Necr           56%        1d6       5%          1
 Summon Small Mammal      Summ           56%        N/A       5%          1
 Blink                    Tloc           28%        N/A       8%          2
 Ensorcelled Hibernation  Hex/Ice        28%        N/A       8%          2
 Lesser Beckoning         Tloc           28%        N/A       8%          2
 Passwall                 Tmut/Erth      11%        N/A       8%          2
 Airstrike                Air            7%         2d(1-17)  13%         4
 Gell's Gravitas          Tloc           14%        N/A       16%         3
 Spider Form              Tmut/Pois      14%        N/A       16%         3
 Swiftness                Air            14%        N/A       16%         3
 Teleport Other           Tloc           14%        N/A       16%         3
 Lee's Rapid Deconstruct  Erth           7%         3d6*      34%         5
 Anguish                  Hex/Necr       7%         N/A       45%         4
 Animate Dead             Necr           14%        N/A       45%         4
 Summon Lightning Spire   Summ/Air       14%        N/A       45%         4
 Borgnjor's Vile Clutch   Necr/Erth      7%         N/A       82%         5
 Death Channel            Necr           7%         N/A       100%        6


Dungeon Overview and Level Annotations

Branches:
Dungeon (12/15)            Temple (1/1) D:6            Lair (5/5) D:11
  Swamp (0/4) Lair:3        Snake (0/4) Lair:2        Slime (0/5) Lair:4
    Orc (0/2) D:12        Volcano (visited)

Altars:
Ashenzari
Cheibriados
Dithmenos
Elyvilon
Fedhas
Gozag
Hepliaklqana
Kikubaaqudgha
Makhleb
Nemelex Xobeh
Okawaru
Qazlal
Ru
Sif Muna
Trog
Uskayaw
Vehumet
Wu Jian
Xom
Yredelemnul
Zin
The Shining One
Jiyva

Shops:
D:5 (

Annotations:
D:4 2 transporters, Valamore's ghost, weakling MiEn
Lair:5 1 runed translucent door


Innate Abilities, Weirdness & Mutations

You are too large for most types of armour.
You have tough skin. (AC +1)


Message History

You are more poisoned.
You feel yourself slow down. The lindwurm bites you! The lindwurm claws you. x2
You feel very sick. The hornet stings you!
* * * LOW HITPOINT WARNING * * *
You are more poisoned.
You feel as though you will be slow longer.
The lindwurm bites you but does no damage.
The lindwurm claws you.
* * * LOW HITPOINT WARNING * * *
The lindwurm claws you.
* * * LOW HITPOINT WARNING * * *
The hornet stings you!
* * * LOW HITPOINT WARNING * * *
You feel as though you will be slow longer.
You can move again.
Unknown command.
Unknown command.
Unknown command.
You feel much better.
You feel extremely sick. The hornet stings you!
* * * LOW HITPOINT WARNING * * *
You are more poisoned.
You shrug off the repeated paralysis!
The lindwurm bites you but does no damage.
The lindwurm claws you but does no damage. x2
The hornet stings you!
* * * LOW HITPOINT WARNING * * *
You are more poisoned.
You feel as though you will be slow longer.
The lindwurm bites you but does no damage.
The lindwurm closely misses you. The lindwurm barely misses you.
You feel better. The hornet barely misses you. The hornet stings you.
* * * LOW HITPOINT WARNING * * *
You are poisoned.
You feel as though you will be slow longer.
The lindwurm breathes flames at you. The blast of flame hits you!
You die...

## ##### .####
#.##.P.### .....#
###.......##
P....###....###...###
#..#.....## ##....##
###.....### #.##†.8#
###..†y.### ###...##
#....k@#.# ###...#+#
......†#### #....###$
......# ##..## $
##.#.. ##..## ##.#
#...# ## #..#####
##..#..## ##...#.##
#.....#..


You could see a lindwurm (catching breath) and a hornet.

Vanquished Creatures
  2 hydras
  A centaur warrior (Volcano)
  Erica (D:8)
  5 two-headed ogres
  8 death yaks
  2 skysharks
  5 oklob plants (Lair:1)
  2 cyclopes (D:11)
  A wolf spider (Lair:3)
  An elephant (D:11)
  Joseph (D:9)
  A gargoyle (D:10)
  6 cane toads
  3 torpor snails (Lair:5)
  5 rime drakes
  2 molten gargoyles (Volcano)
  3 komodo dragons
  A yaktaur (Volcano)
  10 hornets
  A troll (D:12)
  7 blink frogs
  5 dream sheep (Lair:5)
  3 slime creatures (Lair:4)
  5 wyverns
  A vampire (D:10)
  17 yaks
  2 wraiths (D:10)
  A shadow (D:12)
  4 basilisks
  2 fire bats (Volcano)
  2 steam dragons
  Menkaure (D:7)
  An acid dragon (D:12)
  11 water moccasins
  2 ice beasts (D:7)
  8 orc warriors
  A sky beast (D:7)
  A black bear (D:4)
  2 ogres
  15 wolves
  6 centaurs
  A phantom (D:7)
  2 kobold brigands
  8 bullfrogs
  4 scorpions
  A gnoll sergeant (D:9)
  5 wights
  6 electric eels
  9 howler monkeys
  6 lava snakes (Volcano)
  7 jellies
  15 orc priests
  2 hounds
  2 iguanas
  Natasha (thrice) (D:2)
  9 orc wizards
  6 hell rats (Lair:4)
  6 gnolls
  3 adders
  3 white imps
  An ufetubus (D:7)
  4 worms
  2 dart slugs
  71 orcs
  2 endoplasms
  4 giant cockroaches
  6 goblins
  2 hobgoblins (D:3)
  A jackal (D:1)
  14 kobolds
  5 quokkas
  5 ball pythons
  2 bats
  A frilled lizard (D:2)
  6 rats
  6 bushes (Lair:1)
388 creatures vanquished.

Vanquished Creatures (collateral kills)
  71 foxfires
71 creatures vanquished.

Vanquished Creatures (others)
  A bush (Lair:4)
  1798 foxfires
  35 fungi
  87 plants
  12 toadstools (Lair:1)
1933 creatures vanquished.

Grand Total: 2392 creatures vanquished

Notes
Turn   | Place    | Note
-------+----------+-------------------------------------------
     0 | D:1      | cforsyth the Ogre Fire Elementalist began the quest for the
                  | Orb.
     0 | D:1      | Reached XP level 1. HP: 16/16 MP: 3/3
   100 | D:1      | Reached skill level 1 in Conjurations
   218 | D:1      | Reached XP level 2. HP: 10/24 MP: 0/5
   573 | D:1      | Found a faded altar of an unknown god.
  1275 | D:2      | Noticed Natasha
  1285 | D:2      | Killed Natasha
  1286 | D:2      | Reached XP level 3. HP: 14/31 MP: 1/7
  1465 | D:2      | Reached XP level 4. HP: 39/39 MP: 4/8
  2030 | D:2      | Noticed Natasha
  2192 | D:2      | Killed Natasha
  2193 | D:2      | Reached XP level 5. HP: 37/45 MP: 5/10
  2231 | D:2      | Noticed Natasha
  2237 | D:2      | Killed Natasha
  3068 | D:3      | Reached XP level 6. HP: 53/53 MP: 2/12
  3857 | D:4      | Noticed a black bear
  4226 | D:4      | Noticed Valamore's ghost (weakling MiEn)
  4227 | D:4      | Found a transporter.
  4227 | D:4      | Identified the +3 dire flail "Worm" {vamp, Dex+4}
  4262 | D:4      | Found a transporter.
  4675 | D:4      | Found a snail-covered altar of Cheibriados.
  4675 | D:4      | Found a glowing golden altar of the Shining One.
  4888 | D:4      | Killed a black bear
  4889 | D:4      | Reached XP level 7. HP: 35/59 MP: 10/14
  5162 | D:5      | Entered Level 5 of the Dungeon
  5168 | D:5      | Reached skill level 5 in Spellcasting
  5176 | D:5      | Learned a level 2 spell: Scorch
  5529 | D:5      | Found Guug's Weapon Shoppe.
  6085 | D:6      | Learned a level 4 spell: Flame Wave
  6482 | D:6      | Found a staircase to the Ecumenical Temple.
  6488 | Temple   | Entered the Ecumenical Temple
  6699 | Temple   | Became a worshipper of Vehumet
  6816 | D:6      | Reached skill level 5 in Fire Magic
  6820 | D:6      | Reached XP level 8. HP: 48/67 MP: 0/16
  7596 | D:6      | Reached skill level 5 in Conjurations
  8309 | D:7      | Reached * piety under Vehumet
  8309 | D:7      | Offered knowledge of Sandblast by Vehumet.
  8343 | D:7      | Noticed a hornet
  8352 | D:7      | Killed a hornet
  8353 | D:7      | Reached XP level 9. HP: 74/74 MP: 7/20
  8612 | D:7      | Found a hazy altar of Hepliaklqana.
  8618 | D:7      | Found a shimmering blue altar of Sif Muna.
  8621 | D:7      | Found an opulent altar of Gozag.
  8643 | D:7      | Found a shadowy altar of Dithmenos.
  8698 | D:7      | Noticed Menkaure
  8700 | D:7      | Killed Menkaure
  9537 | D:8      | Noticed a hornet
  9543 | D:8      | Killed a hornet
  9685 | D:8      | Noticed Erica
  9696 | D:8      | Killed Erica
 10418 | D:9      | Reached XP level 10. HP: 61/81 MP: 13/22
 10426 | D:9      | Noticed a two-headed ogre
 10433 | D:9      | Killed a two-headed ogre
 10772 | D:9      | Found a viscous altar of Jiyva.
 10862 | D:9      | Noticed a two-headed ogre
 10868 | D:9      | Killed a two-headed ogre
 11068 | D:9      | Reached skill level 10 in Spellcasting
 11225 | D:9      | Reached ** piety under Vehumet
 11225 | D:9      | Offered knowledge of Shock by Vehumet.
 11333 | D:9      | Noticed Joseph
 11345 | D:9      | Killed Joseph
 11899 | D:10     | Entered Level 10 of the Dungeon
 11941 | D:10     | Paralysed by a hornet for 3 turns
 12414 | D:10     | Offered knowledge of Mephitic Cloud by Vehumet.
 12498 | D:10     | Reached XP level 11. HP: 88/88 MP: 20/25
 12743 | D:10     | Noticed a two-headed ogre
 12761 | D:10     | Reached *** piety under Vehumet
 12768 | D:10     | Killed a two-headed ogre
 13327 | D:11     | Found a staircase to the Lair.
 13376 | D:11     | Noticed a two-headed ogre
 13384 | D:11     | Killed a two-headed ogre
 13616 | D:11     | Offered knowledge of Frozen Ramparts by Vehumet.
 13823 | D:11     | Noticed a cyclops
 13834 | D:11     | Killed a cyclops
 13835 | D:11     | Reached skill level 10 in Fire Magic
 14146 | D:11     | Noticed a cyclops
 14149 | D:11     | Killed a cyclops
 14680 | D:12     | Found a hazy altar of Hepliaklqana.
 15688 | D:12     | Reached **** piety under Vehumet
 15699 | D:12     | Found a staircase to the Orcish Mines.
 15815 | D:12     | Offered knowledge of Fireball by Vehumet.
 15823 | D:12     | Noticed an orc knight
 15955 | Lair:1   | Entered Level 1 of the Lair of Beasts
 15962 | Lair:1   | Learned a level 5 spell: Fireball
 15993 | Lair:1   | Reached skill level 1 in Fighting
 16068 | Lair:1   | Reached skill level 2 in Fighting
 16068 | Lair:1   | Reached skill level 10 in Conjurations
 16070 | Lair:1   | Reached XP level 12. HP: 104/104 MP: 11/28
 16210 | Lair:1   | Reached skill level 3 in Fighting
 16282 | Lair:1   | Noticed a death yak
 16285 | Lair:1   | Noticed a death yak
 16289 | Lair:1   | Noticed a death yak
 16291 | Lair:1   | Noticed a death yak
 16292 | Lair:1   | Killed a death yak
 16320 | D:11     | Killed a death yak
 16321 | D:11     | Reached skill level 4 in Fighting
 16809 | D:10     | Killed a death yak
 17143 | D:11     | Killed a death yak
 17144 | D:11     | Reached skill level 5 in Fighting
 17529 | Lair:1   | Found a blossoming altar of Fedhas.
 18048 | Lair:1   | Reached skill level 6 in Fighting
 18178 | Lair:1   | Noticed a skyshark
 18184 | Lair:1   | Killed a skyshark
 19085 | Lair:1   | Reached skill level 7 in Fighting
 19576 | Lair:1   | Identified the ring of Wainwouvo {rN+ Str+6}
 19612 | Lair:1   | Noticed a death yak
 19615 | Lair:1   | Noticed a death yak
 19618 | Lair:1   | Noticed a death yak
 19620 | Lair:1   | Killed a death yak
 19623 | Lair:1   | Killed a death yak
 19624 | Lair:1   | Reached skill level 8 in Fighting
 19631 | Lair:1   | Killed a death yak
 20076 | Lair:2   | Found a staircase to the Snake Pit.
 20397 | Lair:2   | Reached skill level 9 in Fighting
 20397 | Lair:2   | Reached skill level 5 in Dodging
 20859 | Lair:3   | Reached XP level 13. HP: 131/131 MP: 22/29
 21181 | Lair:3   | Found a staircase to the Swamp.
 21276 | Lair:3   | Reached skill level 10 in Fighting
 22051 | Lair:3   | Found a shimmering altar of Xom.
 22359 | Lair:4   | Found a dark tunnel.
 22379 | Volcano  | Entered a volcano
 22638 | Volcano  | Found a radiant altar of Vehumet.
 22642 | Volcano  | Reached skill level 11 in Fighting
 23183 | Lair:4   | Reached ***** piety under Vehumet
 23183 | Lair:4   | Offered knowledge of Orb of Destruction by Vehumet.
 23196 | Lair:4   | Reached skill level 12 in Fighting
 23568 | Lair:4   | Found a staircase to the Slime Pits.
 23982 | Lair:4   | Learned a level 4 spell: Iskenderun's Mystic Blast
 24266 | Lair:5   | Entered Level 5 of the Lair of Beasts
 24274 | Lair:5   | Reached skill level 13 in Fighting
 25106 | Lair:5   | Found a runed translucent door.
 25107 | Lair:5   | Noticed a fire dragon
 25173 | Lair:5   | Paralysed by a hornet for 1 turns
 25179 | Lair:5   | Reached skill level 14 in Fighting
 25184 | Lair:5   | Paralysed by a hornet for 2 turns
 25187 | Lair:5   | Killed from afar by a lindwurm

Illustrated notes

Levels and vault maps discovered:
D:1:      mushboom_english_gardens, layout_rooms,
          hellmonk_ecumenical_altar_heavens_door, st_stairs_4
D:2:      layout_basic, uniq_natasha
D:3:      layout_rooms, minmay_misc_feat_tiny, corexii_shack,
          minmay_misc_feat_rows, kennysheep_boxes
D:4:      layout_loops_ring, chequers_temple_overflow_statue_of_worship,
          gammafunk_ghost_smash
D:5:      layout_rooms, serial_shops, nicolae_shop_bloodbath_and_beyond,
          minmay_liquid_box
D:6:      layout_loops_ring, temple_green
D:7:      kennysheep_steamy, layout_basic, minmay_overflow_temple_star_quad,
          old_standard_altar, uniq_menkaure
D:8:      layout_basic, uniq_erica
D:9:      layout_roguey, special_room [special_room_orc], jiyva_altar_1,
          uniq_joseph
D:10:     kennysheep_six_static_rooms, layout_loops_ring
D:11:     layout_stronghold, david_lair_generic
D:12:     layout_loops_ring, erik_orc_2, serial_shops, kennysheep_mini_moat,
          special_room [special_room_orc], nicolae_hepliaklqana_hippocampus
Temple:   nicolae_temple_slightly_damp_pantheon
Lair:1:   minmay_lair_oklob_tunnel, layout_chaotic_city, tgw_fedhas,
          serial_bayou_shore_a, serial_bayou_shore_b, lemuel_fruit_tree
Lair:2:   layout_layer_cave, dummy_snake_entry, nicolae_lair_lil_pond,
          minivault_25
Lair:3:   layout_misc_corridors, swamp_mist_pool, basic_altar, minivault_19,
          chequers_serial_rivers_micro_a, nicolae_lair_run_with_the_wolves
Lair:4:   layout_regular_city, minmay_slime_entry_pillars,
          nicolae_volcano_entry_two_sided, grunt_megastairs_4,
          lemuel_fruit_fields, serial_bayou_shore_b
Lair:5:   hangedman_lair_caniforms_friends, layout_gridlike, wormcave,
          grunt_forest_small_clearings

Skill      XL: |  1  2  3  4  5  6  7  8  9 10 11 12 13 |
---------------+----------------------------------------+-----
Conjurations   | 1 2 3 4 5 7 8 10 11 | 11.0
Dodging        | 2 5 7 |  7.6
Spellcasting   | 3 4 5 7 8 10 12 | 12.0
Fire Magic     | 3 4 5 6 7 9 10 11 | 11.0
Fighting       | 2 9 14 | 14.2
Stealth        | |  1.9

Action                     |  1- 3 |  4- 6 |  7- 9 | 10-12 | 13-15 || total
---------------------------+-------+-------+-------+-------+-------++-------
  Melee: Unarmed           |    12 |     2 |    12 |    21 |     1 ||    48
         Punch             |       |     1 |       |     1 |       ||     2
         Broad axe         |       |       |       |       |     5 ||     5
   Cast: Foxfire           |    53 |   203 |   186 |   499 |   126 ||  1067
         Scorch            |       |       |    14 |    68 |    56 ||   138
         Flame Wave        |       |       |     7 |    45 |    29 ||    81
         Fireball          |       |       |       |    35 |    13 ||    48
  Evoke: Wand              |       |       |       |     2 |    22 ||    24
    Use: Potion            |       |     1 |       |       |     2 ||     3
         Scroll            |       |       |    16 |    11 |     2 ||    29
 Armour: Robe              |     6 |    12 |    12 |       |       ||    30
         Steam dragon scal |       |       |     2 |    40 |       ||    42
         Troll leather arm |       |       |       |    17 |    38 ||    55
  Dodge: Dodged            |    16 |    19 |    39 |    65 |    73 ||   212

Table legend: (Time is in decaauts)
 A = Elapsed time spent in this place.
 B = Non-inter-level travel time spent in this place.
 C = Inter-level travel time spent in this place.
 D = Time resting spent in this place.
 E = Time spent auto-exploring this place.
 F = Levels seen in this place.
 G = Mean time per level.
                   A        B        C        D        E       F      G
               +--------+--------+--------+--------+--------+-----+--------+
         Total |  25251 |  24528 |    723 |   5341 |  15163 |  19 | 1329.0 |
       Dungeon |  16796 |  16158 |    638 |   2911 |  10707 |  12 | 1399.7 |
        Temple |    230 |    211 |     19 |      0 |    106 |   1 |  230.0 |
          Lair |   7484 |   7419 |     65 |   2203 |   4247 |   5 | 1496.8 |
       Volcano |    739 |    739 |      0 |    227 |    103 |   1 |  739.0 |
               +--------+--------+--------+--------+--------+-----+--------+

Top non-repeatable levels by time:
  Lair:1: 3000 daAuts
     D:2: 2041 daAuts
    D:11: 1931 daAuts
  Lair:4: 1712 daAuts
    D:10: 1676 daAuts
     D:6: 1621 daAuts
     D:9: 1521 daAuts
    D:12: 1474 daAuts
     D:7: 1442 daAuts
     D:4: 1255 daAuts
  Lair:3: 1239 daAuts
     D:3: 1144 daAuts
  Lair:2: 1116 daAuts
     D:8: 988 daAuts
     D:5: 947 daAuts
